 Dungeon Crawl Stone Soup version 0.20.1-1-g8b1a95d (webtiles) character file.

210 vineage the Ruffian (level 5, -2/46 HPs)
             Began as a Ghoul Monk on Sept 30, 2017.
             Slain by a worm (6 damage)
             ... on level 3 of the Dungeon.
             The game lasted 00:04:04 (2480 turns).

vineage the Ruffian (Ghoul Monk)                    Turns: 2480, Time: 00:04:05

Health: -2/46      AC: 13    Str: 16    XL:     5   Next: 88%
Magic:  4/4        EV:  5    Int:  5    God:
Gold:   181        SH:  0    Dex: 11    Spells: 4/4 levels left

rFire    . . .     SeeInvis .     - Unarmed
rCold    + . .     Gourm    .   (no shield)
rNeg     + + +     Faith    .   m - +0 plate armour
rPois    ∞         Spirit   .   (no helmet)
rElec    .         Reflect  .   r - +0 cloak
rCorr    .         Harm     +   (no gloves)
MR       .....                  j - +1 pair of boots
Stlth    ..........             l - amulet of harm
Regen    0.0/turn               (no ring)
MPRegen  0.1/turn               (no ring)

@: very slightly contaminated, rotting, hasted, invisible, very quick
A: rotting body, claws 1, carnivore 3, cold resistance 1, negative energy
resistance 3, inhibited regeneration, torment resistance, unbreathing
a: no special abilities


You were on level 3 of the Dungeon.
You were not hungry.

You visited 1 branch of the dungeon, and saw 3 of its levels.

You collected 181 gold pieces.

Inventory:

Armour
 a - a +0 robe
 j - a +1 pair of boots (worn)
 m - a +0 plate armour (worn)
 r - a +0 cloak (worn)
Jewellery
 l - an amulet of harm (around neck)
Scrolls
 c - 6 scrolls of identify {unknown}
 d - a scroll of random uselessness {unknown}
 h - 2 scrolls of teleportation {unknown}
 i - a scroll of remove curse {unknown}
 q - 2 scrolls of noise {unknown}
Potions
 o - a potion of lignification {unknown}
 p - a potion of agility {unknown}
Comestibles
 b - 3 meat rations
 k - 3 bread rations


   Skills:
 + Level 4.1 Fighting
 + Level 1.2 Armour
 + Level 3.6 Dodging
 + Level 2.9 Stealth
 + Level 5.1 Unarmed Combat


You had 4 spell levels left.
You didn't know any spells.

Dungeon Overview and Level Annotations

Branches:
Dungeon (3/15)

Altars:

Annotations:
D:3 Grinder


Innate Abilities, Weirdness & Mutations

Your body is rotting away.
You thrive on raw meat.
You are immune to poison.
You have sharp fingernails.
You are carnivorous and can eat meat at any time.
Your flesh is cold resistant. (rC+)
You are immune to negative energy. (rN+++)
You do not regenerate when monsters are visible.
You are immune to unholy pain and torment.
You can survive without breathing.


Message History

Grinder is severely wounded.
You closely miss Grinder.
Grinder is severely wounded.
Grinder gestures at you. You resist with significant effort.
You scratch Grinder.
Grinder is severely wounded.
Grinder hits you.
* * * LOW HITPOINT WARNING * * *
Unknown command.
You completely miss Grinder.
Grinder is severely wounded.
You closely miss Grinder.
Grinder is severely wounded.
Grinder hits you.
* * * LOW HITPOINT WARNING * * *
You claw Grinder!
Grinder is almost dead.
The worm bites you.
You die...

#............# ......
#............# ......
#............# ......
#..........# ......
###.).###### ######
#...# # #...# #
#..†#### ##### #
####.5@...## ###..)#
#
#....w.....####)')..#
#
#..........)#..##)..#
#
#..........#)########
# ###....####### #
#....# #
#....################
###..................
#..............#...


You could see Grinder and a worm.

Vanquished Creatures
  An orc wizard (D:3)
  Crazy Yiuf (D:3)
  An orc priest (D:3)
  Jessica (D:2)
  2 adders
  An ooze (D:2)
  3 worms
  2 leopard geckos (D:2)
  4 orcs (D:3)
  5 bats
  4 giant cockroaches
  3 goblins
  5 hobgoblins
  3 jackals (D:2)
  2 ball pythons (D:1)
  5 frilled lizards
  12 kobolds
  7 rats
62 creatures vanquished.

Notes
Turn   | Place    | Note
-------+----------+-------------------------------------------
     0 | D:1      | vineage the Ghoul Monk began the quest for the Orb.
     0 | D:1      | Reached XP level 1. HP: 19/19 MP: 0/0
   265 | D:1      | Reached XP level 2. HP: 20/26 MP: 1/1
  1151 | D:2      | Reached XP level 3. HP: 28/33 MP: 2/2
  1224 | D:2      | Noticed Jessica
  1243 | D:2      | Killed Jessica
  1243 | D:2      | Reached XP level 4. HP: 21/40 MP: 3/3
  1461 | D:2      | Reached skill level 4 in Unarmed Combat
  2179 | D:3      | Reached XP level 5. HP: 12/46 MP: 4/4
  2197 | D:3      | Reached skill level 1 in Armour
  2397 | D:3      | Found a runed door.
  2401 | D:3      | Noticed Crazy Yiuf
  2410 | D:3      | Killed Crazy Yiuf
  2410 | D:3      | Reached skill level 5 in Unarmed Combat
  2431 | D:3      | Noticed Grinder
  2438 | D:3      | Paralysed by Grinder for 5 turns
  2467 | D:3      | Paralysed by Grinder for 2 turns
  2480 | D:3      | Slain by a worm

Skill      XL: |  1  2  3  4  5 |
---------------+----------------+-----
Dodging        | 3 |  3.6
Fighting       | 4 |  4.1
Unarmed Combat | 4 5 |  5.1
Armour         | 1 |  1.2
Stealth        | |  2.9

Action                   |  1- 3 |  4- 6 || total
-------------------------+-------+-------++-------
Melee: Unarmed           |   107 |   151 ||   258
       Punch             |       |     2 ||     2
  Use: Potion            |       |     7 ||     7
 Stab: Sleeping          |     2 |       ||     2
  Eat: Chunk             |       |     5 ||     5
Armor: Robe              |    18 |       ||    18
       Plate armour      |    31 |   119 ||   150
Dodge: Dodged            |    68 |    35 ||   103
